 Dungeon Crawl Stone Soup version 0.31-a0-986-g5e6e4ef867 (webtiles) character file.

Game seed: 13181136482695324874

86 Frost42 the Grave Robber (level 4, -2/30 HPs)
             Began as a Human Necromancer on Nov 14, 2023.
             Slain by an orc
             ... wielding a +0 mace
              (4 damage)
             ... on level 4 of the Dungeon.
             The game lasted 00:19:44 (3622 turns).

Frost42 the Grave Robber (Human Necromancer)        Turns: 3622, Time: 00:19:45

Health: -2/30      AC:  2    Str:  8    XL:     4   Next: 78%
Magic:  2/7        EV: 12    Int: 17    God:
Gold:   135        SH:  0    Dex: 14    Spells: 3/8 levels left

rFire   . . .        g - +2 dagger (vamp)
rCold   . . .        (no shield)
rNeg    . . .        j - +0 robe
rPois   .            (no helmet)
rElec   .            (no cloak)
rCorr   .            (no gloves)
SInv    .            (no boots)
Will    .....        (no amulet)
Stlth   ++           (no ring)
HPRegen 0.25/turn    (no ring)
MPRegen 0.10/turn

%: no passive effects
@: no status effects
A: no striking features
a: no special abilities


You were on level 4 of the Dungeon.
You visited 1 branch of the dungeon, and saw 4 of its levels.

You collected 135 gold pieces.

Inventory:

Hand Weapons
 c - a +0 sling
 f - a +0 mace of protection
 g - a +2 vampiric dagger (weapon)
 i - a +0 whip of flaming
Missiles
 h - 25 stones
Armour
 j - a +0 robe (worn)
Magical Staves
 k - a staff of cold
Scrolls
 e - a scroll of poison {unknown}
 m - a scroll of fear {unknown}
 n - a scroll of noise
Potions
 b - a potion of magic
 d - a potion of resistance
 o - a potion of curing {unknown}


   Skills:
 + Level 0.7 Short Blades
 - Level 0.3 Maces & Flails
 * Level 2.8 Dodging
 + Level 2.6 Stealth
 + Level 2.5 Spellcasting
 * Level 4.6 Necromancy


You had 3 spell levels left.
You knew the following spells:

 Your Spells              Type           Power      Damage    Failure   Level
a - Necrotise             Necr           68%        1d7       2%          1
b - Animate Dead          Necr           17%        N/A       26%         4

Your spell library contained the following spells:

 Spells                   Type           Power      Damage    Failure   Level
 Vampiric Draining        Necr           17%        2d7       9%          3
 Sting                    Tmut/Pois      8%         1d3       19%         1
 Poisonous Vapours        Pois/Air       4%         N/A       28%         2
 Stone Arrow              Conj/Erth      4%         3d7       50%         3
 Agony                    Necr           17%        N/A       58%         5
 Animate Armour           Summ/Erth      4%         N/A       88%         4
 Olgreb's Toxic Radiance  Pois           2%         N/A       88%         4
 Lehudib's Crystal Spear  Conj/Erth      1%         10d2      100%        8


Dungeon Overview and Level Annotations

Branches:
Dungeon (4/15)
 Temple: D:4-7

Altars:


Message History

There is a stone staircase leading down here.
Magic restored.
There is an open door here.
There is a stone staircase leading down here.
You climb downwards.
Found a book of Air.
Found a stone staircase leading down.
There is a stone staircase leading up here.
Aiming: Necrotise (safe; 2% risk of failure)
Press: ? - help, Q - select action, (/) - cycle Shift-Dir - straight line, f - orc priest
Aim: an orc priest, wielding a +0 hand axe (asleep, chance to affect: 75%)
The orc priest shouts!
The orc priest struggles to resist.
The orc shouts!
Aiming: Necrotise (safe; 2% risk of failure)
Press: ? - help, Q - select action, (/) - cycle Shift-Dir - straight line, f/p - orc priest
Aim: an orc priest, wielding a +0 hand axe (chance to affect: 75%)
The orc priest writhes in agony.
The orc shouts!
Aiming: Necrotise (safe; 2% risk of failure)
Press: ? - help, Q - select action, (/) - cycle Shift-Dir - straight line, f/p - orc priest
Aim: an orc priest, wielding a +0 hand axe (lightly wounded, chance to affect: 75%)
The orc priest writhes in agony.
The orc priest hits you with a +0 hand axe.
Aiming: Necrotise (safe; 2% risk of failure)
Press: ? - help, Q - select action, (/) - cycle Shift-Dir - straight line, f/p - orc priest
Aim: an orc priest, wielding a +0 hand axe (heavily wounded, chance to affect: 75%)
The orc priest struggles to resist.
The orc priest hits you with a +0 hand axe.
The orc barely misses you.
Aiming: Necrotise (safe; 2% risk of failure)
Press: ? - help, Q - select action, (/) - cycle Shift-Dir - straight line, f/p - orc priest
Aim: an orc priest, wielding a +0 hand axe (heavily wounded, chance to affect: 75%)
The orc priest writhes in agony.
The orc hits you with a +0 whip. The orc hits you with a +0 mace.
* * * LOW HITPOINT WARNING * * *
The orc priest mumbles some strange prayers to Beogh against you.
Pain shoots through your body!
* * * LOW HITPOINT WARNING * * *
The orc barely misses you. The orc hits you with a +0 mace.
You die...

#.. #.. #.. ..>
#.. #.. #.. ##
..# #.. . #.
..# ....
#..###. ..#
..###
......o#.###..#
.##
#...o@.....#
#....o#.#....:
####.. ... ###
.... ..## #..##
### ...# #..#
..#


You could see an orc priest and 2 orcs.

Vanquished Creatures
  2 adders (D:2)
  A worm (D:3)
  2 dart slugs (D:2)
  2 orcs (D:3)
  6 ball pythons
  An endoplasm (D:3)
  4 giant cockroaches
  7 goblins
  A hobgoblin (D:3)
  6 jackals
  6 kobolds
  A quokka (D:3)
  6 bats
  2 frilled lizards
  5 rats
52 creatures vanquished.

Vanquished Creatures (collateral kills)
  An orc (D:3)
  A hobgoblin (D:3)
  2 rats
4 creatures vanquished.

Grand Total: 56 creatures vanquished

Notes
Turn   | Place    | Note
-------+----------+-------------------------------------------
     0 | D:1      | Frost42 the Human Necromancer began the quest for the Orb.
     0 | D:1      | Reached XP level 1. HP: 13/13 MP: 3/3
   272 | D:1      | Reached XP level 2. HP: 18/19 MP: 1/5
  1250 | D:2      | Reached XP level 3. HP: 24/24 MP: 3/6
  1759 | D:2      | Reached XP level 4. HP: 30/30 MP: 2/7
  1949 | D:2      | Found a faded altar of an unknown god.
  3065 | D:3      | Learned a level 4 spell: Animate Dead
  3622 | D:4      | Slain by an orc

Illustrated notes

Levels and vault maps discovered:
D:1:      lightli_iron_boxes, layout_basic
D:2:      layout_loops_corners, dreamdust_ecumenical_altar_hidden_monk_grotto
D:3:      layout_basic, minmay_misc_feat_pillars
D:4:      layout_rooms, minmay_temple_entry_arrows,
          nicolae_figureground_sparkle, uniq_ijyb

Action                     |  1- 3 |  4- 6 || total
---------------------------+-------+-------++-------
  Melee: Unarmed           |    17 |       ||    17
         Mace              |     5 |       ||     5
         Dagger            |     6 |    39 ||    45
   Cast: Necrotise         |    39 |    53 ||    92
    Use: Scroll            |     3 |     3 ||     6
   Stab: Sleeping          |     1 |       ||     1
         Distracted        |       |     1 ||     1
 Armour: Robe              |    30 |    31 ||    61
  Dodge: Dodged            |    47 |    25 ||    72

Table legend: (Time is in decaauts)
 A = Elapsed time spent in this place.
 B = Non-inter-level travel time spent in this place.
 C = Inter-level travel time spent in this place.
 D = Time resting spent in this place.
 E = Time spent auto-exploring this place.
 F = Levels seen in this place.
 G = Mean time per level.
                   A        B        C        D        E       F      G
               +--------+--------+--------+--------+--------+-----+--------+
         Total |   3624 |   2801 |    823 |      0 |    640 |   4 |  906.0 |
       Dungeon |   3624 |   2801 |    823 |      0 |    640 |   4 |  906.0 |
               +--------+--------+--------+--------+--------+-----+--------+

Top non-repeatable levels by time:
     D:2: 1538 daAuts
     D:1: 1173 daAuts
     D:3: 889 daAuts
     D:4: 23 daAuts
